 Dungeon Sprint DCSS version 0.29-a0-653-gd47aff6735 (webtiles) character file.

Game seed: 12406682914795392722

3336 purpskrrrp the Warrior (level 10, -8/131 HPs)
             Began as an Ogre Berserker on June 22, 2022.
             Was an Elder of Trog.
             Mangled by Kirke (16 damage)
             ... in the Dungeon (Sprint II: "The Violet Keep of Menkaure").
             The game lasted 00:09:57 (1087 turns).

purpskrrrp the Warrior (Ogre Berserker)             Turns: 1087, Time: 00:09:58

Health: -8/131     AC:  3    Str: 27    XL:     10   Next: 2%
Magic:  10/10      EV: 12    Int:  8    God:    Trog [****..]
Gold:   946        SH:  0    Dex:  8    Spells: 9/9 levels left

rFire   . . .      SeeInvis .   a - +0 hand axe
rCold   . . .      Faith    .   (no shield)
rNeg    . . .      Spirit   .   b - +0 animal skin
rPois   .          Reflect  .   (helmet restricted)
rElec   .          Harm     .   (no cloak)
rCorr   .          Rampage  .   (gloves unavailable)
Will    +++..      NoTele   +   (boots unavailable)
Stlth   ++........              (no amulet)
HPRegen 1.31/turn               (no ring)
MPRegen 0.12/turn               (no ring)

@: strong-willed, on berserk cooldown, regenerating, slowed, very slow
A: large, unfitting armour, tough skin 1, talons 1
a: Renounce Religion, Berserk, Trog's Hand, Brothers in Arms


You were in the Dungeon.
You worshipped Trog.
Trog was greatly pleased with you.
You visited 1 branch You collected 972 gold pieces.
You spent 26 gold pieces at shops.

Inventory:

Hand Weapons
 a - a +0 hand axe (weapon)
Missiles
 d - 5 poisoned darts (quivered)
Armour
 b - a +0 animal skin (worn)
Scrolls
 h - a scroll of blinking
Potions
 c - a potion of curing
 f - 2 potions of magic
 g - a potion of berserk rage


   Skills:
 + Level 17.2 Fighting
 + Level 14.7 Axes
 + Level 10.5 Dodging
 + Level 2.8 Stealth


You had 9 spell levels left.
You didn't know any spells.
Your spell library was empty.

Dungeon Overview and Level Annotations

Branches:
Dungeon (1/1)

Altars:

Shops:
D *:([?![!=*(=*:[

Annotations:
D exclusion: oklob plant, Kirke


Innate Abilities, Weirdness & Mutations

You are too large for most types of armour.
You have tough skin. (AC +1)
You have sharp toenails.


Message History

Your two-headed ogre hits the elephant with a +0 giant spiked club!!
Your two-headed ogre hits the elephant with a +0 giant club!!
You feel a strong urge to attack something.
You hear a splashing noise.
The elephant tramples your two-headed ogre!
Your two-headed ogre stumbles backwards!
Your two-headed ogre hits the elephant with a +0 giant spiked club!!!
The elephant dies!
Trog accepts your kill. Something hits you.
* * * LOW HITPOINT WARNING * * *
Your Fighting skill increases to level 17!
You have reached level 10!
There is a strange disturbance nearby!
You are no longer berserk.
You are exhausted.
You feel yourself slow down. Something barely misses you.
The skeletal warrior hits you from afar with a +0 trident!
* * * LOW HITPOINT WARNING * * *
Something hits you!
* * * LOW HITPOINT WARNING * * *
Something completely misses you. Something hits your two-headed ogre!
Something hits your two-headed ogre.
Your two-headed ogre closely misses something. x2
Something hits your two-headed ogre!
A wyvern comes into view.
Your two-headed ogre misses the skeletal warrior.
Your two-headed ogre hits the skeletal warrior with a +0 giant club.
Something barely misses your two-headed ogre.
The wyvern hisses menacingly.
Something hits your two-headed ogre!
Your two-headed ogre barely misses the skeletal warrior.
Your two-headed ogre hits the skeletal warrior with a +0 giant club!
The skeletal warrior hits your two-headed ogre with a +0 trident!!
Your two-headed ogre dies!
Your two-headed ogre's corpse disappears in a puff of smoke!
Your skin crawls.
You feel strong-willed. Something hits you!
You die...

## z.K#### ≈ @..≈## ≈°
############K†#+++#+++
###########≈≈z........
##...∩....#{l§≈.##+##..
##..∩.∩...#@≈≈≈##...##.####
##...∩.∩..#≈≈≈≈#..#..# ...#
##....∩.⌠.#≈≈####.#.####..##
##...∩.∩..#≈##.###'###.##..#
##..∩.∩...#≈##..##.##...#..#
##.∩.∩....'≈'##.'.<.'###'..#
##∩.∩.....#≈#.#.##.##...#...
#▓▓▓▓▓▓▓###≈##.###'###.##...
##HHH######≈≈####.#÷####≈≈..


You could see a skeletal warrior, a kobold demonologist and a wyvern.

Vanquished Creatures
  2 boulder beetles (D)
  2 wyverns (D)
  4 neqoxecs (D)
  Menkaure (D)
  A water moccasin (D)
  4 necrophages (D)
14 creatures vanquished.

Vanquished Creatures (collateral kills)
  A yaktaur captain (D)
  An elephant (D)
2 creatures vanquished.

Grand Total: 16 creatures vanquished

Notes
Turn   | Place    | Note
-------+----------+-------------------------------------------
     0 | D        | purpskrrrp the Ogre Berserker began the quest for the Orb.
     0 | D        | Reached XP level 1. HP: 24/24 MP: 1/1
     1 | D        | Noticed a necrophage
     1 | D        | Noticed a necrophage
     1 | D        | Noticed a necrophage
     1 | D        | Noticed a necrophage
     8 | D        | Killed a necrophage
     9 | D        | Reached skill level 7 in Fighting
     9 | D        | Reached skill level 5 in Axes
     9 | D        | Reached XP level 2. HP: 40/40 MP: 2/2
     9 | D        | Reached XP level 3. HP: 46/46 MP: 3/3
     9 | D        | Reached XP level 4. HP: 55/55 MP: 4/4
    15 | D        | Killed a necrophage
    16 | D        | Reached skill level 8 in Fighting
    16 | D        | Reached skill level 5 in Dodging
    16 | D        | Reached XP level 5. HP: 66/66 MP: 5/5
    33 | D        | Reached ** piety under Trog
    34 | D        | Reached skill level 9 in Fighting
    40 | D        | Reached skill level 10 in Fighting
    40 | D        | Reached XP level 6. HP: 30/78 MP: 6/6
   257 | D        | Noticed a neqoxec
   257 | D        | Noticed a neqoxec
   257 | D        | Noticed a neqoxec
   257 | D        | Noticed a neqoxec
   258 | D        | Gained mutation: You have sharp toenails. [a neqoxec]
   263 | D        | Killed a neqoxec
   264 | D        | Reached skill level 11 in Fighting
   270 | D        | Killed a neqoxec
   271 | D        | Reached XP level 7. HP: 89/89 MP: 7/7
   272 | D        | Killed a neqoxec
   272 | D        | Reached *** piety under Trog
   273 | D        | Reached skill level 12 in Fighting
   273 | D        | Reached skill level 10 in Axes
   276 | D        | Killed a neqoxec
   277 | D        | Reached skill level 13 in Fighting
   323 | D        | Noticed a wyvern
   323 | D        | Noticed a wyvern
   326 | D        | Killed a wyvern
   327 | D        | Reached XP level 8. HP: 102/102 MP: 8/8
   331 | D        | Killed a wyvern
   445 | D        | Noticed a boulder beetle
   445 | D        | Noticed a boulder beetle
   455 | D        | Killed a boulder beetle
   455 | D        | Reached **** piety under Trog
   456 | D        | Reached skill level 15 in Fighting
   456 | D        | Reached skill level 1 in Stealth
   469 | D        | Killed a boulder beetle
   470 | D        | Reached skill level 16 in Fighting
   470 | D        | Reached XP level 9. HP: 62/118 MP: 9/9
   726 | D        | Reached skill level 10 in Dodging
   747 | D        | Found Myuxobah's Armour Emporium.
   747 | D        | Found Syuxkur's Jewellery Shoppe.
   747 | D        | Found Untypaga's Book Shoppe.
   747 | D        | Found Ifapt's Antique Weapon Emporium.
   748 | D        | Found Panionk's Assorted Antiques.
   748 | D        | Found Cacwou's Jewellery Shoppe.
   748 | D        | Found Buocs's Distillery.
   748 | D        | Found Jegyapui's Antique Armour Shoppe.
   749 | D        | Found Ynaist's Distillery.
   749 | D        | Found Tegoug's Magic Scroll Shoppe.
   749 | D        | Found Keis's Antique Armour Shoppe.
   750 | D        | Found Uhevul's General Store.
   750 | D        | Noticed a manticore
   751 | D        | Found Ecoass's Antique Weapon Shoppe.
   751 | D        | Noticed Menkaure
   751 | D        | Noticed a manticore
   751 | D        | Noticed a manticore
   751 | D        | Noticed an oklob plant
   752 | D        | Found Damuydd's General Store.
   752 | D        | Found Xyinaly's Book Shoppe.
   752 | D        | Noticed a shining eye
   756 | D        | Noticed a shining eye
   756 | D        | Noticed a shining eye
   760 | D        | Bought 5 poisoned darts for 26 gold pieces
   771 | D        | Killed Menkaure
  1069 | D        | Noticed an elephant
  1069 | D        | Noticed a centaur warrior
  1069 | D        | Noticed Kirke
  1069 | D        | Noticed a kobold demonologist
  1069 | D        | Noticed a yaktaur captain
  1069 | D        | Noticed a skeletal warrior
  1077 | D        | Noticed a lindwurm
  1081 | D        | Killed a yaktaur captain
  1083 | D        | Killed an elephant
  1084 | D        | Reached skill level 17 in Fighting
  1084 | D        | Reached XP level 10. HP: 34/131 MP: 10/10
  1084 | D        | HP: 5/131 [something (8)]
  1087 | D        | Mangled by Kirke

Illustrated notes

Levels and vault maps discovered:
D:        the_violet_keep_of_menkaure [sprint2_stairs_cluster_1,
          sprint2_shoproom, sprint2_temple, sprint2_basic_supplies,
          sprint2_obstacle_4, sprint2_obstacle_1, sprint2_obstacle_5,
          sprint2_obstacle_6, sprint2_obstacle_3, sprint2_timed_cluster_1,
          sprint2_smallroom_cluster_1, sprint2_smallroom_final_cluster_1,
          sprint2_transparent_cluster_1, sprint2_second_timed_cluster_1,
          sprint2_sniper_area_1, sprint2_heavy_combat_area_1,
          sprint2_mutation_trap_area_1, sprint2_forest_area_1,
          sprint2_light_combat_area_1, sprint2_behind_water_1,
          sprint2_near_end_vault_1]

Skill      XL: |  1  2  3  4  5  6  7  8  9 |
---------------+----------------------------+-----
Fighting       | 7 8 10 11 13 16 17 | 17.2
Axes           | 5 6 7 9 11 13 14 | 14.7
Dodging        | 4 5 6 7 8 9 10 | 10.5
Stealth        | 1 2 |  2.8

Action                   |  1- 3 |  4- 6 |  7- 9 | 10-12 || total
-------------------------+-------+-------+-------+-------++-------
Melee: Hand axe          |     6 |    39 |    46 |       ||    91
       Kick              |       |     2 |    25 |       ||    27
Throw: Dart              |       |       |     1 |       ||     1
Invok: Berserk           |     1 |     1 |     4 |       ||     6
       Brothers in Arms  |       |       |     1 |       ||     1
       Trog's Hand       |       |       |       |     1 ||     1
  Use: Potion            |       |     2 |       |       ||     2
 Stab: Distracted        |       |       |     1 |       ||     1
Armor: Animal skin       |       |     7 |       |       ||     7
Dodge: Dodged            |     1 |    13 |     9 |     2 ||    25

Table legend: (Time is in decaauts)
 A = Elapsed time spent in this place.
 B = Non-inter-level travel time spent in this place.
 C = Inter-level travel time spent in this place.
 D = Time resting spent in this place.
 E = Time spent auto-exploring this place.
 F = Levels seen in this place.
 G = Mean time per level.
                   A        B        C        D        E       F      G
               +--------+--------+--------+--------+--------+-----+--------+
         Total |   1103 |   1048 |     55 |    894 |      0 |   1 | 1103.0 |
       Dungeon |   1103 |   1048 |     55 |    894 |      0 |   1 | 1103.0 |
               +--------+--------+--------+--------+--------+-----+--------+

Top non-repeatable levels by time:
       D: 1103 daAuts
